Map: Dusk Towers

Players

Mamut

  • Race: Zerg Zerg
  • League: Master

Miszu - Winner!

  • Race: Terran Terran
  • League: Master

VOD

Have the link to the VOD?

Description

Time

  • Played on: April 7, 2016, 2:17 p.m.
  • Length: 14:00
Show
View Real Time Build Order
Export as new Build Order

Mamut Zerg 

Build Orders: Hatch First 

Get SALT Encoding   

  12  0:02  Drone  
  13  0:08  Drone  
  14  0:17  Overlord  
  14  0:23  Extractor, Drone  
  15  0:35  Drone  
  15  0:36  Drone  
  17  0:54  Hatchery  
  17  0:56  Drone  
  17  0:59  Drone  
  17  1:02  Extractor  
  17  1:09  Drone  
  18  1:19  Spawning Pool  
  18  1:20  Drone  
  18  1:30  Drone  
  19  1:40  Overlord  
  19  1:52  Drone  
  20  2:08  Queen  
  20  2:09  Queen  
  20  2:10  Metabolic Boost, Zergling x4  
  26  2:16  Drone  
  26  2:20  Drone  
  28  2:25  Overlord  
  28  2:28  Drone  
  29  2:34  Spore Crawler  
  29  2:36  Drone  
  29  2:40  Drone  
  30  2:44  Queen  
  30  2:51  Drone x2  
  34  3:00  Drone x2  
  36  3:07  Drone  
  36  3:10  Hatchery  
  36  3:14  Drone  
  36  3:19  Overlord  
  37  3:20  Overlord  
  37  3:25  Drone x3  
  37  3:26  Drone x2  
  42  3:34  Drone  
  42  3:35  Roach Warren  
  42  3:37  Extractor, Drone  
  42  3:41  Overlord  
  41  3:48  Drone  
  41  3:52  Drone x2  
  44  3:56  Drone x2  
  44  3:57  Drone x4  
  50  4:12  Overlord  
  50  4:14  Queen x2  
  50  4:16  Roach  
  56  4:22  Queen  
  58  4:32  Drone x6  
  58  4:33  Drone  
  65  4:39  Roach  
  65  4:40  Roach x3  
  65  4:43  Spore Crawler  
  65  4:45  Spore Crawler  
  71  4:48  Spore Crawler, Drone  
  71  5:03  Drone x3  
  71  5:04  Lair  
  71  5:07  Overlord x2  
  74  5:08  Evolution Chamber  
  74  5:09  Evolution Chamber  
  72  5:22  Drone x2  
  72  5:24  Extractor  
  72  5:25  Extractor  
  72  5:37  Drone x8  
  72  5:38  Drone x3  
  83  5:48  Drone x4  
  83  5:49  Drone x2  
  89  5:50  Zerg Melee Weapons Level 1, Zerg Ground Armor Level 1  
  84  6:11  Extractor, Drone x3  
  85  6:12  Extractor  
  85  6:14  Roach  
  85  6:15  Zergling x8, Roach  
  85  6:18  Overlord x3  
  89  6:20  Infestation Pit  
  89  6:22  Overseer  
  88  6:44  Zergling x26  
  88  6:45  Zergling x4  
  103  6:48  Glial Reconstitution, Roach  
  103  6:50  Overseer  
  103  6:51  Hatchery  
  104  6:56  Pathogen Glands  
  104  7:00  Hatchery  
  103  7:12  Overlord x2  
  103  7:21  Spire  
  100  7:44  Zerg Missile Weapons Level 1  
  100  7:50  Drone  
  100  7:51  Drone x5  
  102  7:53  Drone x16  
  120  8:07  Infestor x5  
  130  8:12  Extractor  
  130  8:16  Extractor, Spore Crawler  
  130  8:17  Spore Crawler  
  126  8:24  Zerg Ground Armor Level 2  
  126  8:33  Corruptor x3  
  132  8:39  Roach  
  132  8:40  Roach x3  
  137  8:50  Drone x2  
  137  8:51  Drone x4  
  140  8:56  Pneumatized Carapace  
  140  9:01  Extractor  
  140  9:02  Corruptor  
  137  9:03  Corruptor  
  137  9:06  Overlord x3  
  141  9:15  Overlord x3  
  140  9:25  Overseer  
  138  9:33  Corruptor x7  
  149  9:43  Corruptor x2  
  140  9:50  Roach x6  
  152  10:06  Hatchery  
  151  10:10  Corruptor x2  
  151  10:11  Corruptor x2  
  159  10:18  Roach x6  
  159  10:19  Drone x3  
  159  10:20  Drone x6  
  180  10:23  Zerg Flyer Weapons Level 1  
  180  10:32  Overlord  
  180  10:33  Overlord  
  180  10:34  Overlord  
  180  10:41  Zerg Missile Weapons Level 2  
  180  10:43  Hive  
  180  10:48  Roach x5  
  188  10:56  Roach x5  
  198  11:13  Spore Crawler x2  
  192  11:31  Corruptor  
  192  11:32  Corruptor x8  
  170  11:37  Zergling x20  
  170  11:38  Zergling x16  
  182  11:42  Ravager x3  
  182  11:47  Corruptor  
  182  11:48  Queen  
  171  12:01  Overlord x4  
  159  12:24  Corruptor  
  159  12:25  Corruptor x4  
  154  12:30  Hatchery  
  140  12:46  Corruptor  
  140  12:47  Corruptor x2  
  136  13:02  Drone  
  136  13:03  Drone x10  
  136  13:04  Drone x2  
  144  13:08  Queen x3  
  144  13:15  Hatchery  
  143  13:27  Ravager x6  
  147  13:28  Hatchery  
  147  13:29  Zergling x2  
  147  13:30  Zergling x4  
  151  13:38  Overseer  
Show
View Real Time Build Order
Export as new Build Order

Miszu Terran - Winner!

Build Orders: Reaper Expand, Hellion Banshee 

Get SALT Encoding   

  12  0:00  SCV  
  13  0:12  SCV  
  14  0:18  Supply Depot  
  14  0:25  SCV  
  15  0:40  SCV  
  15  0:42  Barracks  
  16  0:46  Refinery  
  16  0:55  SCV  
  17  1:08  SCV  
  18  1:20  SCV  
  19  1:30  Reaper  
  19  1:32  Orbital Command  
  20  1:41  Command Center  
  20  1:50  Supply Depot  
  20  1:58  SCV  
  22  2:10  SCV  
  22  2:14  Barracks Reactor  
  22  2:18  Refinery  
  22  2:22  SCV  
  23  2:31  Factory  
  23  2:34  SCV  
  24  2:46  SCV  
  24  2:50  Marine x2  
  27  2:53  Orbital Command  
  27  2:58  SCV  
  28  3:08  Marine x2  
  28  3:10  SCV  
  31  3:15  Starport  
  31  3:19  SCV  
  32  3:23  SCV  
  33  3:31  Hellion x2, SCV  
  38  3:35  Supply Depot, SCV  
  38  3:36  Barracks Tech Lab  
  39  3:43  SCV  
  39  3:47  SCV  
  41  3:52  Hellion x2  
  45  3:55  SCV  
  45  3:59  Supply Depot, SCV  
  46  4:05  Cloaking Field, Banshee  
  46  4:08  SCV  
  50  4:11  SCV  
  50  4:14  Hellion  
  53  4:20  SCV  
  53  4:21  Hellion, Command Center  
  53  4:23  SCV  
  57  4:26  Refinery  
  57  4:27  Refinery  
  57  4:31  Supply Depot  
  57  4:32  SCV  
  57  4:35  SCV  
  59  4:43  Starport  
  59  4:44  SCV  
  59  4:45  Starport  
  60  4:47  Armory  
  60  4:49  SCV  
  61  4:54  Supply Depot  
  61  4:56  SCV  
  61  4:59  Banshee  
  65  5:01  SCV  
  66  5:08  SCV  
  66  5:09  Supply Depot  
  67  5:18  Supply Depot  
  67  5:22  Starport Tech Lab  
  67  5:29  SCV  
  67  5:35  Orbital Command  
  68  5:36  Starport Reactor  
  68  5:39  Terran Ship Weapons Level 1  
  68  5:40  Fusion Core, SCV  
  68  5:41  SCV  
  70  5:43  Supply Depot x2  
  70  5:56  SCV x2  
  72  6:03  Liberator  
  72  6:04  Liberator  
  72  6:05  Banshee  
  72  6:08  Banshee  
  72  6:10  SCV x2  
  72  6:11  Orbital Command  
  81  6:22  SCV  
  87  6:28  Refinery  
  87  6:29  Command Center  
  87  6:30  Refinery  
  87  6:31  SCV  
  88  6:33  Hellion  
  88  6:34  SCV  
  88  6:37  SCV  
  92  6:43  SCV  
  92  6:47  SCV  
  94  6:48  Banshee  
  94  6:49  SCV  
  94  6:50  Hyperflight Rotors  
  94  6:51  Banshee  
  101  6:57  SCV, Liberator x2  
  101  6:59  SCV  
  103  7:01  SCV  
  104  7:09  Engineering Bay, SCV  
  104  7:11  SCV  
  112  7:19  SCV  
  112  7:21  SCV  
  114  7:23  SCV  
  115  7:31  Banshee  
  115  7:32  Starport  
  115  7:33  Starport  
  115  7:36  Supply Depot  
  118  7:37  Supply Depot x2  
  118  7:39  Supply Depot, Banshee  
  118  7:43  Liberator x2  
  121  7:56  SCV  
  121  7:57  SCV  
  121  7:58  SCV  
  130  8:10  SCV  
  131  8:14  Banshee  
  131  8:16  Refinery  
  131  8:19  Refinery, Command Center  
  134  8:22  Starport Tech Lab x2, Banshee  
  134  8:25  Liberator  
  134  8:26  Liberator  
  137  8:31  Supply Depot  
  140  8:51  Liberator x4  
  146  9:08  Liberator x2  
  146  9:09  Planetary Fortress  
  152  9:14  Command Center  
  152  9:15  Command Center, Armory  
  152  9:18  Supply Depot  
  152  9:19  Supply Depot  
  152  9:22  Supply Depot  
  158  9:36  SCV  
  158  9:37  SCV x2  
  151  9:39  Liberator x4  
  152  9:49  SCV x3  
  154  9:59  SCV  
  167  10:01  SCV x2  
  167  10:04  Missile Turret  
  167  10:05  Refinery  
  169  10:10  Viking x2  
  169  10:11  SCV  
  174  10:14  SCV x2  
  174  10:15  SCV  
  177  10:23  SCV  
  177  10:25  Planetary Fortress, Liberator  
  177  10:26  Sensor Tower, Liberator, Missile Turret  
  178  10:32  Terran Ship Weapons Level 2  
  178  10:40  SCV x2  
  180  10:46  Liberator  
  180  10:47  Liberator, Missile Turret  
  186  10:54  Orbital Command  
  189  11:04  Viking x2  
  189  11:09  Refinery, Missile Turret  
  189  11:11  Refinery  
  177  11:34  Viking  
  177  11:35  Viking  
  179  11:43  Liberator x2  
  179  11:47  Liberator  
  172  12:01  Viking x2  
  172  12:04  Viking  
  174  12:21  Command Center, SCV  
  175  12:26  Liberator  
  175  12:31  Viking x2  
  175  12:33  SCV  
  175  12:34  Viking  
  176  12:43  Banshee  
  163  12:45  SCV  
  159  12:57  SCV  
  159  12:58  SCV x3  
  159  12:59  SCV x2  
  159  13:01  Banshee x2  
  167  13:09  SCV  
  167  13:10  SCV x3  
  167  13:11  SCV x2  
  173  13:22  SCV x2  
  173  13:23  Viking, SCV x3  
  173  13:24  Viking  
  185  13:32  SCV  
  189  13:34  SCV  
  189  13:35  SCV x4  
  194  13:44  SCV  
  194  13:46  SCV  
  194  13:47  SCV x4  
Tags
 
Add a new tag
Caveats
  • Supply blocks, unpowered buildings, or Contaminate may cause inaccurate times.
  • Supply counts are checked every 10 seconds.